 Seeded DCSS version 0.30.1-9-gdf580d7c3d (webtiles) character file.

Game seed: 10491381808755034399 (custom seed)

172 Psyclone the Conjurer (level 5, -2/28 HPs)
             Began as a Deep Elf Conjurer on Sept 24, 2023.
             Slain by an iguana (6 damage)
             ... on level 6 of the Dungeon.
             The game lasted 00:08:32 (2811 turns).

Psyclone the Conjurer (Deep Elf Conjurer)           Turns: 2811, Time: 00:08:33

Health: -2/28      AC:  2    Str:  4      XL:     5   Next: 27%
Magic:  15/15      EV: 12    Int: 22 (25) God:
Gold:   11         SH:  0    Dex: 13      Spells: 12/15 levels left

rFire   . . .        d - +3 dagger (protect)
rCold   . . .        (no shield)
rNeg    . . .        a - +0 robe
rPois   .            (no helmet)
rElec   .            (no cloak)
rCorr   .            (no gloves)
SInv    .            (no boots)
Will    .....        (no amulet)
Stlth   ++           (no ring)
HPRegen 0.24/turn    (no ring)
MPRegen 0.14/turn

%: no passive effects
@: no status effects
A: no striking features
a: no special abilities


You were on level 6 of the Dungeon.
You visited 1 branch of the dungeon, and saw 6 of its levels.

You collected 155 gold pieces.
You spent 144 gold pieces at shops.

Inventory:

Hand Weapons
 d - a +3 dagger of protection (weapon)
Armour
 a - a +0 robe (worn)
Jewellery
 e - a ring of protection from cold
Scrolls
 g - a scroll of immolation
Potions
 b - a potion of magic
 c - a potion of ambrosia


   Skills:
 - Level 2.4 Dodging
 - Level 2.4 Stealth
 + Level 5.6 Spellcasting
 + Level 6.0 Conjurations


You had 12 spell levels left.
You knew the following spells:

 Your Spells              Type           Power      Damage    Failure   Level
a - Magic Dart            Conj           100%       1d8       1%          1
b - Searing Ray           Conj           64%        2d6       1%          2

Your spell library contained the following spells:

 Spells                   Type           Power      Damage    Failure   Level
 Dazzling Flash           Conj/Hex       38%        N/A       9%          3
 Sting                    Tmut/Pois      24%        1d4       10%         1
 Summon Small Mammal      Summ           24%        N/A       10%         1
 Fulminant Prism          Conj/Hex       9%         3d7       26%         4
 Iskenderun's Mystic Bla  Conj/Tloc      19%        2d6       26%         4
 Call Canine Familiar     Summ           6%         N/A       28%         3
 Summon Guardian Golem    Hex/Summ       6%         N/A       28%         3
 Vhi's Electric Charge    Tloc/Air       12%        N/A       28%         3
 Arcjolt                  Conj/Air       9%         1d19      58%         5
 Maxwell's Capacitive Co  Air            3%         ∞         100%        8


Dungeon Overview and Level Annotations

Branches:
Dungeon (6/15) Zot: 26852
 Temple: D:4-7

Altars:
Yredelemnul
Zin

Shops:
D:1 =   D:3 =   D:4 *


Message History

Aim: an orc, wielding a +0 trident (wandering, hasn't noticed you, 81% to hit)
The searing ray hits the orc.
The orc is severely wounded.
The orc shouts! (Press . to maintain the ray.)
You now have 13/15 mp.
The searing ray misses the orc.
The orc completely misses you.
You now have 12/15 mp.
The searing ray hits the orc.
You kill the orc!
You now have 11/15 mp.
You start resting.
Magic restored.
MP restored: 15 An orc comes into view. It is wielding a +0 short sword.
The orc shouts!
You hear a shout!
An orc warrior comes into view. It is wielding a +0 glaive.
The orc moves out of view.
The orc warrior shouts!
A centaur comes into view.
An orc comes into view. It is wielding a +0 dagger.
An orc wizard comes into view. It is wielding a +0 dagger. x2
There is a stone staircase leading up here.
An iguana comes into view.
Found a bubbling golden potion.
Found a quarterstaff.
The iguana misses you. The iguana barely misses you.
The iguana attacks as you move away! The iguana closely misses you.
The iguana attacks as you move away! The iguana closely misses you.
The iguana attacks as you move away! The iguana bites you.
You take 4 damage, and have 24/28 hp.
The iguana attacks as you move away! The iguana closely misses you.
The iguana attacks as you move away! The iguana bites you!
You take 13 damage, and have 11/28 hp.
MASSIVE DAMAGE!!
The iguana attacks as you move away! The iguana bites you!
* * * LOW HITPOINT WARNING * * *
You take 8 damage, and have 3/28 hp.
MASSIVE DAMAGE!!
The iguana attacks as you move away! The iguana bites you.
You die...

#o.# #.
#######..##....
.......o....#
#######.#####
#.# #.# #.# #l#
#@# #.....#
#.##.## # ###


You could see an orc warrior and an iguana.

Vanquished Creatures
  A bullfrog (D:6)
  3 adders
  2 gnolls (D:4)
  A dart slug (D:3)
  2 orcs
  6 bats
  7 endoplasms
  5 goblins
  6 hobgoblins
  4 jackals (D:2)
  6 kobolds
  2 quokkas (D:1)
  4 ball pythons
  3 frilled lizards
  7 rats
59 creatures vanquished.

Notes
Turn   | Place    | Note
-------+----------+-------------------------------------------
     0 | D:1      | Psyclone the Deep Elf Conjurer began the quest for the Orb.
     0 | D:1      | Reached XP level 1. HP: 10/10 MP: 6/6
   235 | D:1      | Reached XP level 2. HP: 15/15 MP: 6/8
   541 | D:1      | Found Nuqil's Jewellery Shop.
  1057 | D:2      | Reached skill level 5 in Conjurations
  1057 | D:2      | Reached XP level 3. HP: 17/19 MP: 7/10
  1165 | D:2      | Found a faded altar of an unknown god.
  1169 | D:2      | Got Plato's Notes on Moulding
  1398 | D:2      | Learned a level 2 spell: Searing Ray
  1864 | D:3      | Reached XP level 4. HP: 24/24 MP: 5/12
  1939 | D:3      | Found Byunt's Jewellery Shop.
  2067 | D:3      | Found a glowing silver altar of Zin.
  2550 | D:4      | Found Peck's Assorted Antiques.
  2555 | D:4      | Bought a scroll labelled BAANAMOXKU for 24 gold pieces
  2555 | D:4      | Bought a sapphire ring for 120 gold pieces
  2578 | D:4      | Found a basalt altar of Yredelemnul.
  2602 | D:4      | Reached skill level 5 in Spellcasting
  2616 | D:5      | Entered Level 5 of the Dungeon
  2675 | D:6      | Noticed a bullfrog
  2681 | D:6      | Killed a bullfrog
  2682 | D:6      | Reached skill level 6 in Conjurations
  2682 | D:6      | Reached XP level 5. HP: 16/28 MP: 6/15
  2690 | D:6      | Noticed an ice beast
  2778 | D:6      | Noticed an orc warrior
  2779 | D:6      | Noticed a centaur
  2811 | D:6      | Slain by an iguana

Illustrated notes

Levels and vault maps discovered:
D:1:      denvon_arrival_planthouse, layout_basic, serial_shops,
          nicolae_shop_waterfront
D:2:      layout_rooms, shapermc_ecumenical_altar_rom_forum,
          minmay_split_cup_small
D:3:      layout_rooms, mainiacjoe_overflow_cross_hatched, serial_shops,
          nicolae_diamond_shop
D:4:      layout_cave_pools, kennysheep_mini, serial_shops, shop, minivault_24
D:5:      layout_rooms, fedhas_altar_2, mainiacjoe_overflow_paths,
          lemuel_crystal_altar, serial_curves, eino_curves_03, eino_curves_03,
          hangedman_abyss_or_decor_slice, nrook_uturn, chequers_arboretum,
          uniq_grinder, uniq_blork_the_orc
D:6:      layout_loops_ring, minmay_temple_entry_offerings, corexii_shack,
          minmay_holes

Skill      XL: |  1  2  3  4 |
---------------+-------------+-----
Spellcasting   | 4 5 |  5.6
Conjurations   | 5 6 |  6.0
Dodging        | |  2.4
Stealth        | |  2.4

Action                     |  1- 3 |  4- 6 || total
---------------------------+-------+-------++-------
  Melee: Dagger            |     1 |       ||     1
   Cast: Magic Dart        |    79 |    29 ||   108
         Searing Ray       |     1 |     2 ||     3
    Use: Scroll            |       |    10 ||    10
         Potion            |       |     4 ||     4
 Armour: Robe              |     1 |     1 ||     2
  Dodge: Dodged            |     9 |     6 ||    15
